 Dungeon Crawl Stone Soup version 0.17-a0-2215-g49c1de0 (webtiles) character file.

96 TruthSerum the Skirmisher (level 4, -2/42 HPs)
             Began as a Minotaur Fighter on Oct 27, 2015.
             Slain by Grinder (3 damage)
             ... while paralysed by Grinder
             ... on level 3 of the Dungeon.
             The game lasted 00:09:32 (1719 turns).

TruthSerum the Skirmisher (Minotaur Fighter)        Turns: 1719, Time: 00:09:32

Health: -2/42      AC: 10    Str: 20    XL:     4   Next: 41%
Magic:  3/3        EV:  2    Int:  5    God:
Gold:   74         SH:  0    Dex: 11    Spells: 0 memorised, 3 levels left

rFire  . . .     SeeInvis .     a - +0 flail
rCold  . . .     Clarity  .     m - +0 chain mail
rNeg   . . .     SustAt   .     c - +1 shield
rPois  .         Gourm    .     (helmet restricted)
rElec  .         Spirit   .     f - +0 cloak {+Inv}
rCorr  .         Warding  .     (no gloves)
rMut   .         Stasis   .     (no boots)
MR     .....                    (no amulet)
Stlth  ..........               (no ring)
                                (no ring)

@: paralysed, not resistant to hostile enchantments, extremely unstealthy
A: retaliatory headbutt, horns 2
a: Evoke Invisibility


You were on level 3 of the Dungeon.
You were hungry.

You visited 1 branch of the dungeon, and saw 3 of its levels.

You collected 74 gold pieces.

Inventory:

Hand Weapons
 a - a +0 flail (weapon)
Armour
 c - a +1 shield (worn)
 f - a +0 cloak of invisibility (worn)
 m - a +0 chain mail (worn)
Scrolls
 b - a scroll of noise {unknown}
 j - 2 scrolls of magic mapping
 l - a scroll of recharging {unknown}
Potions
 d - a potion of might
 g - a potion of curing
 h - a potion of cure mutation {unknown}
 i - a potion of ambrosia
Comestibles
 e - a bread ration
 k - a beef jerky


   Skills:
 + Level 5.1 Fighting
 + Level 4.3 Maces & Flails
 - Level 3.6 Armour
 - Level 3.6 Shields


You had 3 spell levels left.
You didn't know any spells.

Dungeon Overview and Level Annotations

Branches:
Dungeon (3/15)

Altars:
Ru

Annotations:
D:3 Grinder


Innate Abilities, Weirdness & Mutations

You reflexively headbutt those who attack you in melee.
You have a pair of horns on your head.


Message History

You block Grinder's attack.
You completely miss Grinder. Grinder hits you but does no damage.
You closely miss Grinder. Grinder gestures at you.
You suddenly lose the ability to move!
The goblin hits you but does no damage. Grinder hits you but does no damage.
The goblin hits you but does no damage. Grinder hits you but does no damage.
The goblin hits you with a dagger. Grinder hits you!
You writhe in agony.
The goblin hits you but does no damage. Grinder hits you.
* * * LOW HITPOINT WARNING * * *
You writhe in agony.
* * * LOW HITPOINT WARNING * * *
The goblin hits you but does no damage. Grinder hits you.
* * * LOW HITPOINT WARNING * * *
You writhe in agony.
* * * LOW HITPOINT WARNING * * *
The goblin hits you but does no damage.
Grinder grins, showing sharp teeth.
Grinder hits you.
You die...

########......####.........###
###.#.## ##.......## # #.###
##.....## # #.# ##...## # #.#
##+## # #.# #.# # #####.#####
#.####### #.(....._.#
####.#...... #.###.##@5#
#......#.... #.###g#
#.#......... #.# .#
#......#...# #..
.......#.#.##.## ###
.#######.#...... .# #.#######
## #.# #.# #.#


You could see Grinder and a goblin.

Vanquished Creatures
  Crazy Yiuf (D:2)
  3 adders
  An ooze (D:2)
  A worm (D:2)
  A ball python (D:1)
  4 bats
  2 giant cockroaches
  6 goblins
  3 hobgoblins (D:2)
  3 kobolds (D:2)
  A quokka (D:2)
  A giant gecko (D:1)
  3 giant newts
  6 rats
36 creatures vanquished.

Notes
Turn   | Place    | Note
--------------------------------------------------------------
     0 | D:1      | TruthSerum the Minotaur Fighter began the quest for the Orb.
     0 | D:1      | Reached XP level 1. HP: 19/19 MP: 0/0
   262 | D:1      | Reached skill level 4 in Fighting
   276 | D:1      | Reached XP level 2. HP: 27/27 MP: 1/1
   912 | D:2      | Reached XP level 3. HP: 27/34 MP: 2/2
  1314 | D:2      | Noticed Crazy Yiuf
  1326 | D:2      | Killed Crazy Yiuf
  1326 | D:2      | Reached skill level 5 in Fighting
  1326 | D:2      | Reached XP level 4. HP: 3/42 MP: 3/3
  1708 | D:3      | Found a sacrificial altar of Ru.
  1708 | D:3      | Noticed Grinder
  1709 | D:3      | Paralysed by Grinder for 2 turns
  1714 | D:3      | Paralysed by Grinder for 6 turns
  1718 | D:3      | HP: 2/42 [Grinder (4)]
  1719 | D:3      | Slain by Grinder

Vault maps used:
D:1:      nagdon_arrival_double_spiral
D:2:      uniq_crazy_yiuf_cottage
D:3:      overflow_temple_1_default, first_bread, uniq_grinder

Action                   |  1- 3 |  4- 6 || total
-------------------------+-------+-------++-------
Melee: Flail             |    87 |    23 ||   110
  Use: Scroll            |     5 |     1 ||     6
       Potion            |     1 |       ||     1
  Eat: Chunk             |     1 |     1 ||     2
